 Dungeon Crawl Stone Soup version 0.30-a0-883-g5ad918d77d (webtiles) character file.

Game seed: 5519791125992607481

1112 BlueFish the Sneak (level 8, 0/52 HPs)
             Began as an Octopode Transmuter on Mar 17, 2023.
             Was a Follower of Cheibriados.
             Slain by a gnoll bouda
             ... wielding a +0 club
              (11 damage)
             ... on level 5 of the Dungeon.
             The game lasted 00:13:09 (5002 turns).

BlueFish the Sneak (Octopode Transmuter)            Turns: 5002, Time: 00:13:10

Health: 0/52       AC:  1    Str: 14    XL:     8   Next: 33%
Magic:  12/12      EV: 13    Int: 17    God:    Cheibriados [*.....]
Gold:   267        SH:  5    Dex: 14    Spells: 4/13 levels left

rFire   . . .      SeeInvis .      - Unarmed
rCold   . . .      Faith    +    m - +0 buckler
rNeg    + + .      Spirit   .    (helmet currently unavailable)
rPois   .          Reflect  .    l - amulet of faith
rElec   .          Rampage  .    p - ring of positive energy
rCorr   .                        v - ring of positive energy
Will    .....                    (no ring)
Stlth   ++++                     (no ring)
HPRegen 0.28/turn                (no ring)
MPRegen 0.13/turn                (no ring)
                                 (no ring)
                                 (no ring)

@: appendages, very slow
A: tentacle spike 3, almost no armour, amphibious, 8 rings, camouflage 1,
gelatinous body 1, (nimble swimmer 1), tentacles
a: End Transformation, Renounce Religion, Bend Time


You were on level 5 of the Dungeon.
You worshipped Cheibriados.
Cheibriados was aware of your devotion.
One of your tentacles had grown a beastly spike.
You visited 2 branches of the dungeon, and saw 6 of its levels.
You also visited: Sewer.

You collected 267 gold pieces.

Inventory:

Missiles
 q - 20 poisoned darts
 x - 5 javelins
 y - 29 stones (quivered)
Armour
 m - a +0 buckler (worn)
Jewellery
 l - an amulet of faith (around mantle)
 p - a ring of positive energy (left tentacle)
 v - a ring of positive energy (right tentacle)
Wands
 n - a wand of light (5)
 s - a wand of paralysis (6)
Scrolls
 b - a scroll of poison
 d - 4 scrolls of teleportation
 f - 3 scrolls of enchant armour {unknown}
 h - 4 scrolls of identify {unknown}
 i - a scroll of vulnerability {unknown}
 j - 3 scrolls of blinking
 u - 2 scrolls of immolation {unknown}
 w - 2 scrolls of fog {unknown}
Potions
 a - 2 potions of lignification
 c - 2 potions of heal wounds {unknown}
 e - 9 potions of curing
 g - 2 potions of brilliance {unknown}
 k - a potion of haste {unknown}
 o - a potion of might {unknown}
 r - 3 potions of flight
 t - a potion of attraction {unknown}


   Skills:
 + Level 3.0 Fighting
 + Level 1.3 Throwing
 + Level 3.5 Dodging
 + Level 6.0 Stealth
 + Level 3.3 Shields
 + Level 4.1 Unarmed Combat
 + Level 3.3 Spellcasting
 * Level 0.1 Translocations
 + Level 3.4 Transmutations
 + Level 3.0 Poison Magic
 * Level 0.0 Invocations
 + Level 1.7 Evocations


You had 4 spell levels left.
You knew the following spells:

 Your Spells              Type           Power      Damage    Failure   Level
a - Beastly Appendage     Tmut           28%        N/A       5%          1
b - Wereblood             Tmut           14%        N/A       9%          2
c - Spider Form           Tmut/Pois      13%        N/A       17%         3
d - Teleport Other        Tloc           3%         N/A       54%         3

Your spell library contained the following spells:

 Spells                   Type           Power      Damage    Failure   Level
 Shock                    Conj/Air       8%         1d3       22%         1
 Gell's Gravitas          Tloc           3%         N/A       54%         3
 Ice Form                 Ice/Tmut       8%         N/A       73%         4
 Dispersal                Tloc           1%         N/A       100%        6


Dungeon Overview and Level Annotations

Branches:
Dungeon (5/15)             Temple (1/1) D:4           Sewer (visited)

Altars:
Ashenzari
Cheibriados
Dithmenos
Elyvilon
Fedhas
Gozag
Hepliaklqana
Kikubaaqudgha
Makhleb
Okawaru
Qazlal
Sif Muna
Trog
Uskayaw
Vehumet
Wu Jian
Xom
Yredelemnul
Zin
The Shining One
Lugonu

Annotations:
D:5 Edmund


Innate Abilities, Weirdness & Mutations

One of your tentacles has grown a beastly spike.
You cannot wear most types of armour.
You are amphibious.
You can wear up to eight rings at the same time.
Your skin changes colour to match your surroundings (Stealth+).
Your rubbery body absorbs attacks. (AC +1, EV +1)
((You are camouflaged when in or above water. (Stealth+)))
You have tentacles for arms and can constrict up to eight enemies at once.


Message History

The gnoll moves out of view.
A gnoll comes into view. It is wielding a +0 flail.
Casting: Beastly Appendage (safe; 5% risk of failure)
Confirm with . or Enter, or press ? or * to list all spells.
One of your tentacles grows a vicious spike.
The gnoll bouda shouts!
The gnoll bouda barks out a call to the hunt!
You hear a shout!
You tentacle-slap the gnoll bouda but do no damage.
Your grab misses the gnoll bouda.
You pierce the gnoll bouda, but do no damage.
Your squeeze misses the gnoll bouda.
The gnoll bouda hits you with a +0 club!
You tentacle-slap the gnoll bouda but do no damage.
Your grab misses the gnoll bouda.
Your tentacle spike misses the gnoll bouda.
Your squeeze misses the gnoll bouda.
The gnoll bouda hits you with a +0 club!
You closely miss the gnoll bouda. You grab the gnoll bouda.
You squeeze the gnoll bouda.
The gnoll bouda is lightly wounded.
You constrict the gnoll bouda, but do no damage.
The gnoll bouda hits you with a +0 club!
You tentacle-slap the gnoll bouda.
You pierce the gnoll bouda.
The gnoll bouda is moderately wounded.
You constrict the gnoll bouda, but do no damage.
The gnoll bouda hits you with a +0 club!
You tentacle-slap the gnoll bouda but do no damage.
You tentacle-slap the gnoll bouda, but do no damage.
The gnoll bouda is moderately wounded.
You constrict the gnoll bouda.
The gnoll bouda hits you with a +0 club.
* * * LOW HITPOINT WARNING * * *
You tentacle-slap the gnoll bouda but do no damage.
You pierce the gnoll bouda, but do no damage.
Your squeeze misses the gnoll bouda.
The gnoll bouda is moderately wounded.
You constrict the gnoll bouda.
The gnoll bouda hits you with a +0 club!
You die...

#.##.#...≈#.#.##...#.# #
#.##.'#####..........# #
#.##.####.#...##...#.#
#.##...............[.#
##.#######....>....####
#.#.......##.#######
##.##.....##....>..#
#.............###.#
####.########@# #.# #.#
#g# #.# #.# #.# #.#
#.########.###.####
#.##..............#
####.##.#####.###..#.#####
#.......# #.###...g~~~.##
#.#####.# #....~...~.~..#
#.# #.#####.##~.g)≈.~####


You could see a gnoll bouda.

Vanquished Creatures
  Sigmund (D:3)
  Eustachio (D:5)
  An ice beast (D:3)
  A phantom (D:5)
  3 kobold brigands
  A scorpion (D:5)
  A howler monkey (D:5)
  A hound (D:4)
  2 iguanas
  An orc wizard (D:3)
  2 gnolls (D:5)
  8 adders
  2 river rats (D:3)
  2 ufetubi (D:5)
  3 worms (D:3)
  A dart slug (D:2)
  11 orcs
  4 bats
  6 endoplasms
  3 giant cockroaches
  10 goblins
  9 hobgoblins
  2 jackals (Sewer)
  13 kobolds
  8 quokkas
  7 ball pythons
  3 frilled lizards
  9 rats
116 creatures vanquished.

Vanquished Creatures (others)
  A fungus (D:1)
  A plant (D:1)
2 creatures vanquished.

Grand Total: 118 creatures vanquished

Notes
Turn   | Place    | Note
-------+----------+-------------------------------------------
     0 | D:1      | BlueFish the Octopode Transmuter began the quest for the
                  | Orb.
     0 | D:1      | Reached XP level 1. HP: 13/13 MP: 3/3
   107 | D:1      | Reached skill level 1 in Stealth
   149 | D:1      | Reached XP level 2. HP: 17/18 MP: 5/5
   453 | D:1      | Found a faded altar of an unknown god.
   461 | D:1      | Got Plato's Opusculum on Injury
   542 | D:1      | Reached skill level 2 in Stealth
   640 | D:1      | Reached XP level 3. HP: 23/23 MP: 6/6
  1214 | D:2      | Reached XP level 4. HP: 28/28 MP: 7/7
  1726 | D:3      | Reached skill level 3 in Stealth
  1740 | D:3      | Learned a level 2 spell: Wereblood
  1744 | D:3      | Learned a level 3 spell: Spider Form
  1803 | D:3      | Found a radiant altar of Vehumet.
  1809 | D:3      | Identified the +6 falchion of the Big Fish {freeze, rPois
                  | Will- Dex+6 Stlth+}
  1873 | D:3      | Noticed Sigmund
  1891 | D:3      | Reached XP level 5. HP: 29/34 MP: 8/8
  2084 | D:3      | Noticed an ice beast
  2098 | D:3      | Killed an ice beast
  2099 | D:3      | Reached skill level 1 in Shields
  2137 | D:3      | Reached XP level 6. HP: 20/39 MP: 9/9
  2165 | D:3      | Reached skill level 4 in Stealth
  2167 | D:3      | Reached skill level 1 in Poison Magic
  2185 | D:3      | Found a glowing drain.
  2189 | Sewer    | Entered a sewer
  2383 | Sewer    | Found a white marble altar of Elyvilon.
  2793 | D:3      | Killed Sigmund
  2794 | D:3      | Reached XP level 7. HP: 28/45 MP: 9/11
  2906 | D:4      | Found a hide-covered altar of Uskayaw.
  2921 | D:4      | Reached skill level 5 in Stealth
  3391 | D:4      | Found an opulent altar of Gozag.
  3391 | D:4      | Found a white marble altar of Elyvilon.
  3391 | D:4      | Found a stormy altar of Qazlal.
  3402 | D:4      | Found a staircase to the Ecumenical Temple.
  3419 | Temple   | Entered the Ecumenical Temple
  3459 | Temple   | Became a worshipper of Cheibriados the Contemplative
  3720 | D:4      | Found an ornate altar of the Wu Jian Council.
  3720 | D:4      | Found a shimmering altar of Xom.
  3721 | D:4      | Found a bloodstained altar of Trog.
  3722 | D:4      | Found a broken altar of Ashenzari.
  3722 | D:4      | Found a blossoming altar of Fedhas.
  3722 | D:4      | Found a hazy altar of Hepliaklqana.
  3926 | D:5      | Entered Level 5 of the Dungeon
  3926 | D:5      | Noticed Eustachio
  3926 | D:5      | Found an ancient bone altar of Kikubaaqudgha.
  4040 | D:5      | Reached skill level 1 in Evocations
  4094 | D:5      | Noticed Edmund
  4209 | D:5      | Reached skill level 1 in Throwing
  4371 | D:5      | Reached XP level 8. HP: 31/51 MP: 12/12
  4654 | D:5      | Killed Eustachio
  4815 | D:5      | Reached * piety under Cheibriados
  4816 | D:5      | Reached skill level 6 in Stealth
  4820 | D:5      | Learned a level 3 spell: Teleport Other
  5002 | D:5      | Slain by a gnoll bouda

Illustrated notes

Levels and vault maps discovered:
D:1:      dpeg_arrival_round_a, layout_rooms,
          shapermc_ecumenical_altar_rom_forum
D:2:      layout_loops_corners
D:3:      layout_basic, nicolae_overflow_crystal_walls, gup_sewer_entry_spiral,
          uniq_sigmund
D:4:      layout_loops_cross, nicolae_overflows_in_rows,
          nicolae_uskayaw_dance_hall, minmay_temple_entry_offerings
D:5:      layout_loops_ring, mainiacjoe_overflow_catwalk, serial_rivers,
          chequers_serial_rivers_micro_d, chequers_serial_rivers_marsh,
          chequers_serial_rivers_room_b, chequers_serial_rivers_room_a,
          uniq_edmund, uniq_eustachio
Temple:   corrupted_temple

Skill      XL: |  1  2  3  4  5  6  7  8 |
---------------+-------------------------+-----
Stealth        | 1 2 3 4 5 6 |  6.0
Fighting       | 2 3 |  3.0
Shields        | 1 2 3 |  3.3
Poison Magic   | 1 2 3 |  3.0
Dodging        | 3 |  3.5
Transmutations | 3 |  3.4
Spellcasting   | 3 |  3.3
Evocations     | 1 |  1.7
Throwing       | 1 |  1.3
Unarmed Combat | 4 |  4.1
Translocations | |  0.1

Action                     |  1- 3 |  4- 6 |  7- 9 || total
---------------------------+-------+-------+-------++-------
  Melee: Unarmed           |    87 |   112 |    94 ||   293
         Tentacles         |    10 |    23 |    23 ||    56
         Constrict         |    20 |    34 |    25 ||    79
         Punch             |     4 |     5 |     2 ||    11
         Kick              |     3 |    16 |    24 ||    43
  Throw: Stone             |       |       |     2 ||     2
   Cast: Beastly Appendage |     2 |     8 |    15 ||    25
         Wereblood         |       |     3 |     1 ||     4
  Evoke: Wand              |       |     3 |       ||     3
    Use: Scroll            |     2 |     1 |       ||     3
   Stab: Sleeping          |     8 |    14 |     5 ||    27
         Distracted        |       |     1 |     1 ||     2
         Paralysed         |       |     3 |       ||     3
 Armour: Skin              |     4 |     2 |       ||     6
  Dodge: Dodged            |    45 |    39 |    34 ||   118
  Block: Buckler           |       |     6 |     8 ||    14

Table legend: (Time is in decaauts)
 A = Elapsed time spent in this place.
 B = Non-inter-level travel time spent in this place.
 C = Inter-level travel time spent in this place.
 D = Time resting spent in this place.
 E = Time spent auto-exploring this place.
 F = Levels seen in this place.
 G = Mean time per level.
                   A        B        C        D        E       F      G
               +--------+--------+--------+--------+--------+-----+--------+
         Total |   5332 |   4956 |    376 |      3 |   3683 |   7 |  761.7 |
       Dungeon |   5000 |   4624 |    376 |      3 |   3518 |   5 | 1000.0 |
        Temple |     64 |     64 |      0 |      0 |      5 |   1 |   64.0 |
         Sewer |    267 |    267 |      0 |      0 |    160 |   1 |  267.0 |
               +--------+--------+--------+--------+--------+-----+--------+

Top non-repeatable levels by time:
     D:5: 1272 daAuts
     D:2: 1063 daAuts
     D:4: 973 daAuts
     D:3: 972 daAuts
     D:1: 718 daAuts
   Sewer: 267 daAuts
  Temple: 64 daAuts
